 Dungeon Crawl Stone Soup version 0.23-a0-639-ga9a3373214 (webtiles) character file.

26 LLavrengius the Sneak (level 2, -1/19 HPs)
             Began as a Vampire Enchanter on Dec 29, 2018.
             Slain by an adder (2 damage)
             ... on level 2 of the Dungeon.
             The game lasted 00:03:16 (1462 turns).

LLavrengius the Sneak (Vampire Enchanter)           Turns: 1462, Time: 00:03:17

Health: -1/19      AC:  2    Str: 12    XL:     2   Next: 89%
Magic:  1/5        EV: 12    Int: 17    God:
Gold:   72         SH:  0    Dex: 14    Spells: 2/5 levels left

rFire    . . .     SeeInvis +   a - +1 dagger
rCold    + . .     Gourm    .   (no shield)
rNeg     + + .     Faith    .   b - +0 robe
rPois    +         Spirit   .   (no helmet)
rElec    .         Reflect  .   (no cloak)
rCorr    .         Harm     .   (no gloves)
MR       .....                  (no boots)
Stlth    ++++......             (no amulet)
HPRegen  0.03/turn              (no ring)
MPRegen  0.09/turn              (no ring)

@: mighty, lethally poisoned (-1 -> -12), flying, very slightly contaminated,
regenerating slowly, invisible
A: fangs 3, see invisible, unbreathing
a: no special abilities


You were on level 2 of the Dungeon.
You were very thirsty.

You visited 1 branch of the dungeon, and saw 2 of its levels.

You collected 72 gold pieces.

Inventory:

Hand Weapons
 a - a +1 dagger (weapon)
Armour
 b - a +0 robe (worn)
 i - a +3 ring mail
Scrolls
 c - a scroll of enchant armour {unknown}
 f - a scroll of identify {unknown}
 g - a scroll of magic mapping {unknown}
Potions
 d - 2 potions of blood
 e - a potion of might
 h - a potion of flight
 j - a potion of invisibility


   Skills:
 - Level 1.1 Short Blades
 - Level 2.1 Dodging
 + Level 5.4 Stealth
 - Level 2.0 Spellcasting
 + Level 5.3 Hexes


You had 2 spell levels left.
You knew the following spells:

 Your Spells              Type           Power        Failure   Level  Hunger
a - Corona                Hex            ###....      2%          1    #......
b - Ensorcelled Hibernat  Hex/Ice        ##....       10%         2    ###....

Your spell library contained the following spells:

 Spells                   Type           Power        Failure   Level  Hunger
 Confuse                  Hex            ###.....     6%          3    ###....
 Tukima's Dance           Hex            ###.....     6%          3    ###....
 Dazzling Spray           Conj/Hex       ##....       19%         3    ###....


Dungeon Overview and Level Annotations

Branches:
Dungeon (2/15)

Altars:


Innate Abilities, Weirdness & Mutations

You heal slowly.
You have razor-sharp teeth.
You have supernaturally acute eyesight. (SInv)
You can survive without breathing.


Message History

The adder stops glowing.
The adder bites you.
You are poisoned.
The adder poisons you! The adder bites you.
* * * LOW HITPOINT WARNING * * *
You are too injured to fight recklessly!
It was a potion of might.
You feel very mighty all of a sudden.
* * * LOW HITPOINT WARNING * * *
You feel sick. The adder bites you.
* * * LOW HITPOINT WARNING * * *
It was a potion of flight.
You feel very buoyant.
You fly up into the air.
The adder barely misses you.
It was a potion of invisibility.
You fade into invisibility!
The adder completely misses you.
You closely miss the adder.
The adder is heavily wounded.
The adder bites you.
You die...

#.# #.# #.# #.# #.# #.# #.# #.#
#### #.#.#.# #########....
###########.#.#.# #............
..............#.#####............
...########.###..........<.......
##.########.....@................
..............#.S.....###........
.#.########.#.#.#.##### #........
.#.# ...#.#.#.# ###....รท.<. .#.#
###.#.#.#.# #.......... .#.#
..#.#.#.. +.......... .#.#
##..#.#.### #.......... .#..
.....#)#.# #..........
.######....% .# #..........


You could see an adder.

Vanquished Creatures
  A dart slug (D:1)
  2 bats
  A giant cockroach (D:1)
  A goblin (D:1)
  4 hobgoblins
  4 jackals (D:1)
  2 kobolds
  2 frilled lizards (D:1)
  5 rats
22 creatures vanquished.

Notes
Turn   | Place    | Note
-------+----------+-------------------------------------------
     0 | D:1      | LLavrengius the Vampire Enchanter began the quest for the
                  | Orb.
     0 | D:1      | Reached XP level 1. HP: 13/13 MP: 3/3
   345 | D:1      | Reached skill level 5 in Stealth
   345 | D:1      | Reached XP level 2. HP: 17/19 MP: 5/5
   471 | D:1      | Reached skill level 5 in Hexes
   818 | D:1      | Learned a level 2 spell: Ensorcelled Hibernation
  1462 | D:2      | Slain by an adder

Vault maps used:
D:1:      roderic_octagonal_star
D:2:      cheibrodos_greedy_goblins, lemuel_crystal_altar

Skill      XL: |  1  2 |
---------------+-------+-----
Stealth        | 5 |  5.4
Hexes          | 5 |  5.3
Short Blades   | |  1.1
Dodging        | |  2.1
Spellcasting   | |  2.0

Action                   || total
-------------------------++-------
Melee: Dagger            ||    87
       Bite              ||     6
 Cast: Ensorcelled Hiber ||     2
       Corona            ||     1
  Use: Potion            ||     3
 Stab: Sleeping          ||     8
Armor: Robe              ||    13
Dodge: Dodged            ||    48

Table legend:
 A = Non-vault XP
 B = Vault XP
 C = Vault XP percentage of total XP
 D = Non-vault monster count
 E = Vault monster count
 F = Vault count percentage of total count
                 A         B        C        D         E       F
            +---------+---------+-------+---------+---------+-------
      Total |      38 |       0 |   0.0 |      22 |       0 |   0.0
            +---------+---------+-------+---------+---------+-------
        D:1 |      32 |       0 |   0.0 |      18 |       0 |   0.0
        D:2 |       6 |       0 |   0.0 |       4 |       0 |   0.0
            +---------+---------+-------+---------+---------+-------
